 Dungeon Crawl Stone Soup version 0.28.0-53-g5a82cb258f (webtiles) character file.

Game seed: 14576182373490602041

550 concernfroge the Conjurer (level 7, -2/36 HPs)
             Began as a Deep Elf Conjurer on June 26, 2022.
             Killed from afar by Dowan (5 damage)
             ... with a puff of flame
             ... on level 4 of the Dungeon.
             The game lasted 00:10:16 (3136 turns).

concernfroge the Conjurer (Deep Elf Conjurer)       Turns: 3136, Time: 00:10:16

Health: -2/36      AC:  4    Str:  4    XL:     7   Next: 7%
Magic:  3/27       EV: 13    Int: 25    God:
Gold:   277        SH:  0    Dex: 19    Spells: 4/18 levels left

rFire   . . .      SeeInvis .   (no weapon)
rCold   . . .      Faith    .   (no shield)
rNeg    . . .      Spirit   .   a - +1 robe
rPois   .          Reflect  .   (no helmet)
rElec   .          Harm     .   (no cloak)
rCorr   .          Rampage  .   (no gloves)
Will    .....                   q - +0 pair of boots
Stlth   ++........              k - amulet of magic regeneration
HPRegen 0.12/turn               i - ring of magical power
MPRegen 0.60/turn               t - +6 ring of dexterity

@: very slightly contaminated
A: no striking features
a: no special abilities


You were on level 4 of the Dungeon.
You visited 1 branch of the dungeon, and saw 4 of its levels.

You collected 277 gold pieces.

Inventory:

Armour
 a - a +1 robe (worn)
 c - a +0 kite shield
 q - a +0 pair of boots (worn)
Jewellery
 i - a ring of magical power (left hand)
 k - an amulet of magic regeneration (around neck)
 s - an amulet of guardian spirit
 t - a +6 ring of dexterity (right hand)
Wands
 p - a wand of paralysis (9)
 r - a wand of flame (23) (quivered)
Scrolls
 b - a scroll of magic mapping {unknown}
 f - 3 scrolls of enchant armour
 l - 3 scrolls of identify {unknown}
 n - a scroll of fog {unknown}
Potions
 d - a potion of lignification {unknown}
 e - a potion of ambrosia {unknown}
 g - a potion of brilliance {unknown}
 h - 2 potions of magic {unknown}
 j - a potion of might {unknown}
 m - a potion of flight {unknown}
 o - a potion of curing {unknown}


   Skills:
 - Level 2.4 Dodging
 - Level 2.4 Stealth
 + Level 6.3 Spellcasting
 + Level 6.3 Conjurations
 + Level 4.4 Hexes
 + Level 2.6 Translocations


You had 4 spell levels left.
You knew the following spells:

 Your Spells              Type           Power      Damage    Failure   Level
a - Magic Dart            Conj           100%       1d8       1%          1
b - Searing Ray           Conj           78%        2d7       1%          2
c - Dazzling Flash        Conj/Hex       70%        N/A       2%          3
d - Fulminant Prism       Conj/Hex       17%        3d11      8%          4
e - Iskenderun's Mystic   Conj/Tloc      30%        2d8       11%         4

Your spell library contained the following spells:

 Spells                   Type           Power      Damage    Failure   Level


Dungeon Overview and Level Annotations

Branches:
Dungeon (4/15)
 Temple: D:4-7

Altars:

Annotations:
D:4 Dowan


Message History

Your fulminant prism explodes!
The blast of energy engulfs Dowan!
Dowan is moderately wounded.
The blast of energy engulfs Duvessa!
You kill Duvessa!
Dowan's eyes darken. "You have made a black mistake."
Dowan seems to find hidden reserves of power!
You have reached level 7!
Casting: Fulminant Prism (quite dangerous; 8% risk of failure)
Confirm with . or Enter, or press ? or * to list all spells.
The spell is quite dangerous to miscast (8% risk of failure)!
Continue anyway?
Aiming: Fulminant Prism (quite dangerous; 8% risk of failure)
Press: ? - help, Dir - move target You conjure a prism of explosive energy!
A fulminant prism comes into view.
Dowan hits your fulminant prism but does no damage.
Something hits your fulminant prism. Something hits your fulminant prism!
Your fulminant prism detonates feebly.
Casting: Fulminant Prism (quite dangerous; 8% risk of failure)
Confirm with . or Enter, or press ? or * to list all spells.
The spell is quite dangerous to miscast (8% risk of failure)!
Continue anyway?
Aiming: Fulminant Prism (quite dangerous; 8% risk of failure)
Press: ? - help, Dir - move target You miscast Fulminant Prism.
You are very lightly contaminated with residual magic.
Nothing appears to happen.
Dowan points at you and mumbles some strange words.
The shard of ice hits you!!
Ouch! That really hurt!
* * * LOW HITPOINT WARNING * * *
Okay, then.
Okay, then.
Okay, then.
Okay, then.
Casting: Fulminant Prism (quite dangerous; 8% risk of failure)
Confirm with . or Enter, or press ? or * to list all spells.
The spell is quite dangerous to miscast (11% risk of failure)!
Continue anyway?
You miscast Iskenderun's Mystic Blast.
Nothing appears to happen.
Dowan zaps a wand.
The puff of flame hits you.
You die...

....##......####
....#........# ..
#........#
#...).)..#
#########........###
#......###......##.#
#......# ##....##...
#...†..####'####....
#..@...'..)...'.....
#......########.....
#)e....# #.....
#'###### ##....
#...# #.... #.....#
##### #.$...$)'
#..$†$..## #.$.$.$.#


You could see Dowan (fast).

Vanquished Creatures
  Duvessa (D:4)
  A black bear (D:4)
  An ogre (D:4)
  A phantom (D:4)
  A hound (D:3)
  2 iguanas (D:4)
  Ijyb (D:3)
  3 adders
  2 ufetubi (D:4)
  A worm (D:3)
  2 dart slugs
  3 orcs
  4 ball pythons
  3 endoplasms
  A giant cockroach (D:1)
  7 goblins
  5 hobgoblins
  2 jackals (D:2)
  4 kobolds
  A quokka (D:3)
  3 frilled lizards
  3 rats
52 creatures vanquished.

Vanquished Creatures (others)
  6 fulminant prisms (D:4)
6 creatures vanquished.

Grand Total: 58 creatures vanquished

Notes
Turn   | Place    | Note
-------+----------+-------------------------------------------
     0 | D:1      | concernfroge the Deep Elf Conjurer began the quest for the
                  | Orb.
     0 | D:1      | Reached XP level 1. HP: 10/10 MP: 6/6
    57 | D:1      | Found a faded altar of an unknown god.
   892 | D:2      | Reached XP level 2. HP: 15/15 MP: 5/8
   895 | D:2      | Learned a level 2 spell: Searing Ray
  1764 | D:2      | Reached skill level 5 in Conjurations
  1764 | D:2      | Reached XP level 3. HP: 19/19 MP: 10/10
  1768 | D:2      | Learned a level 3 spell: Dazzling Flash
  2393 | D:3      | Reached skill level 1 in Hexes
  2393 | D:3      | Reached XP level 4. HP: 19/24 MP: 12/12
  2402 | D:3      | Learned a level 4 spell: Fulminant Prism
  2562 | D:3      | Noticed Ijyb
  2567 | D:3      | Killed Ijyb
  2641 | D:3      | Reached skill level 5 in Spellcasting
  2965 | D:4      | Reached XP level 5. HP: 28/28 MP: 14/14
  2970 | D:4      | Learned a level 4 spell: Iskenderun's Mystic Blast
  2990 | D:4      | Noticed a black bear
  2993 | D:4      | Killed a black bear
  2994 | D:4      | Reached skill level 1 in Translocations
  2996 | D:4      | Reached XP level 6. HP: 32/32 MP: 16/16
  3122 | D:4      | Noticed Duvessa
  3127 | D:4      | Noticed Dowan
  3131 | D:4      | Killed Duvessa
  3132 | D:4      | Reached XP level 7. HP: 20/36 MP: 12/18
  3136 | D:4      | Killed from afar by Dowan

Illustrated notes

Levels and vault maps discovered:
D:1:      dpeg_arrival_signposts, layout_basic,
          chequers_ecumenical_altar_island, grunt_decor_mini_mirrors,
          minmay_misc_feat_more_columns
D:2:      layout_basic
D:3:      layout_basic, supply_closet_lemuel, uniq_ijyb
D:4:      minmay_polygon_palace, layout_gridville, kennysheep_slug_shrine,
          uniq_duvessa, uniq_eustachio, uniq_blork_the_orc, uniq_sigmund

Skill      XL: |  1  2  3  4  5  6 |
---------------+-------------------+-----
Spellcasting   | 4 5 6 |  6.3
Conjurations   | 5 6 |  6.3
Hexes          | 1 2 3 4 |  4.4
Translocations | 1 2 |  2.6
Dodging        | |  2.4
Stealth        | |  2.4

Action                   |  1- 3 |  4- 6 |  7- 9 || total
-------------------------+-------+-------+-------++-------
Melee: Demon whip        |     5 |       |       ||     5
 Cast: Magic Dart        |    43 |    24 |       ||    67
       Searing Ray       |     7 |     8 |       ||    15
       Fulminant Prism   |       |     5 |     1 ||     6
       Iskenderun's Myst |       |     1 |       ||     1
Evoke: Wand              |       |     2 |       ||     2
  Use: Scroll            |     2 |       |       ||     2
Armor: Robe              |     1 |     1 |       ||     2
Dodge: Dodged            |     2 |     4 |       ||     6
